AoeStats
← AxingQuestions

African Clearing

506279965Analyzed
4v4 RM · 19d ago on Sep 13, 2026· 40m 21s· 8 players
Game mode
Random Map
Map size
Large (8 player)
Population
200
Speed
Normal
Resources
Standard
Victory
Conquest
Starting age
Dark Age
Ending age
Imperial Age
RankedLock teamsTeams togetherTeam positionsShared explorationLock speedFull tech treeHidden civsTurbo modeCheats
Victory
Defeat
🇨🇳 Vietnamese · China
1237
+16
🇵🇪 Maya · Peru
1229
+16
🇦🇺 Huns · Australia
1222
+17
🇹🇼 Romans · Taiwan
1208
+17
🇧🇷 Italians · Brazil
1259
-17
🇺🇸 Aztecs · United States
1246
-17
🇬🇧 Mongols · United Kingdom
1238
-17
🇲🇽 Muisca · Mexico
1202
-15
0ne5quared
15:04 Feudal Age
15:40 Loom
15:42 Double-Bit Axe
18:55 Bloodlines
26:51 Castle Age
24:36 Horse Collar
26:19 Scale Barding Armor
29:40 Bow Saw
29:33 Heavy Plow
33:10 Chain Barding Armor
38:58 Husbandry
39:09 Forging
jona_vte_94
7:55 Loom
12:39 Feudal Age
16:28 Castle Age
15:17 Double-Bit Axe
15:14 Horse Collar
17:57 Wheelbarrow
22:56 Heavy Plow
25:59 Gold Mining
30:10 Scale Mail Armor
32:51 Imperial Age
30:35 Forging
30:57 Hand Cart
31:22 Chain Mail Armor
30:52 Eagle Warrior
32:27 Iron Casting
31:51 Arson
32:53 Elite Eagle Warrior
34:06 Plate Mail Armor
33:07 Capped Ram
33:36 Town Watch
34:04 Bow Saw
35:43 Blast Furnace
35:08 Conscription
35:33 Pikeman
36:13 Squires
37:01 Holcans
36:09 Halberdier
37:59 Siege Ram
39:18 Town Patrol
TigerBitePig
4:03 Loom
14:06 Feudal Age
15:16 Double-Bit Axe
15:54 Fletching
20:27 Padded Archer Armor
24:58 Castle Age
23:10 Horse Collar
24:11 Gold Mining
25:01 Crossbowman
25:57 Bodkin Arrow
30:57 Ballistics
300P 4V4
4:30 Loom
13:13 Feudal Age
18:47 Castle Age
16:55 Double-Bit Axe
17:53 Stone Mining
20:36 Wheelbarrow
27:45 Hand Cart
30:19 Fletching
30:40 Padded Archer Armor
32:24 Ballistics
32:05 Gold Mining
34:24 Bodkin Arrow
37:48 Horse Collar
38:58 Bow Saw
39:10 Heavy Plow
39:52 Stone Shaft Mining
42:51 Imperial Age
40:08 Town Watch
AxingQuestions
9:00 Loom
14:35 Feudal Age
19:17 Castle Age
18:22 Fletching
21:18 Double-Bit Axe
21:15 Horse Collar
27:06 Wheelbarrow
26:39 Town Watch
27:35 Bodkin Arrow
27:38 Stone Mining
28:02 Gold Mining
28:29 Heavy Plow
28:59 Bow Saw
30:30 Hand Cart
31:01 Gold Shaft Mining
30:58 Eagle Warrior
32:50 Town Patrol
37:26 Imperial Age
35:17 Squires
35:24 Scale Mail Armor
35:35 Forging
37:05 Chain Mail Armor
38:02 Iron Casting
36:50 Elite Skirmisher
37:39 Elite Eagle Warrior
39:32 Crop Rotation
40:54 Plate Mail Armor
41:25 Blast Furnace
[CL]TrunicC
10:24 Loom
13:02 Feudal Age
17:17 Castle Age
15:43 Double-Bit Axe
16:28 Gold Mining
18:17 Bow Saw
20:07 Crossbowman
25:31 Fletching
29:06 Bodkin Arrow
34:03 Wheelbarrow
got.
4:23 Loom
13:36 Feudal Age
14:21 Double-Bit Axe
16:41 Horse Collar
21:13 Scale Barding Armor
23:29 Wheelbarrow
23:07 Forging
25:25 Castle Age
23:42 Gold Mining
24:40 Gold Mining
25:49 Fletching
26:00 Padded Archer Armor
26:37 Crossbowman
27:31 Bodkin Arrow
27:54 Bow Saw
30:55 Ballistics
31:01 Leather Archer Armor
31:28 Heavy Plow
35:46 Thumb Ring
36:19 Hand Cart
egemenbeder
13:02 Feudal Age
13:23 Feudal Age
17:45 Castle Age
16:02 Double-Bit Axe
16:26 Loom
17:38 Horse Collar
18:15 Fletching
18:26 Padded Archer Armor
18:52 Bodkin Arrow
19:11 Bow Saw
26:58 Heavy Plow
27:35 Gold Mining
31:12 Wheelbarrow
30:23 Town Watch
30:55 Leather Archer Armor
32:12 Gold Shaft Mining
31:27 Stone Mining
34:46 Imperial Age
33:06 Stone Mining
34:06 Hand Cart
33:52 Town Patrol
35:12 Onager
36:38 Conscription
36:26 Bracer
38:02 Elite Mangudai
39:03 Conscription
39:57 Ballistics
40:37 Chemistry
Connection lost

Rejoining the realm…

Still unreachable

The connection could not be restored.

Session expired

The server has moved on; the page needs a fresh start.